 Dungeon Crawl Stone Soup version 0.29.1-15-g9cfb28693d (webtiles) character file.

Game seed: 3655188606813133022

1257 Calibrex the Ruffian (level 8, -2/79 HPs)
             Began as a Troll Fighter on Mar 24, 2023.
             Was a Believer of Wu Jian.
             Slain by a gnoll
             ... wielding a +0 whip
             ... led by a gnoll bouda
              (5 damage)
             ... on level 6 of the Dungeon.
             The game lasted 00:12:55 (3910 turns).

Calibrex the Ruffian (Troll Fighter)                Turns: 3910, Time: 00:12:56

Health: -2/79      AC:  4    Str: 25    XL:     8   Next: 26%
Magic:  7/7        EV:  8    Int:  6    God:    Wu Jian [**....]
Gold:   307        SH:  8    Dex:  9    Spells: 7/7 levels left

rFire   . . .      SeeInvis .     - Unarmed
rCold   . . .      Faith    .   b - +0 kite shield
rNeg    + . .      Spirit   .   a - +0 robe
rPois   .          Reflect  .   (helmet restricted)
rElec   .          Harm     .   (no cloak)
rCorr   .          Rampage  .   (gloves unavailable)
Will    .....                   (boots unavailable)
Stlth   +.........              (no amulet)
HPRegen 1.03/turn               n - ring of positive energy
MPRegen 0.10/turn               p - ring of flight

@: flying, invisible
A: large, unfitting armour, claws 3, regeneration 1, shaggy fur 1, tough skin 1
a: Renounce Religion, Wall Jump


You were on level 6 of the Dungeon.
You worshipped Wu Jian.
Wu Jian was pleased with you.
You visited 2 branches of the dungeon, and saw 7 of its levels.

You collected 307 gold pieces.

Inventory:

Missiles
 d - 5 boomerangs
 j - 13 poisoned darts (quivered)
Armour
 a - a +0 robe (worn)
 b - a +0 kite shield (worn)
Jewellery
 n - a ring of positive energy (left claw)
 o - a ring of wizardry
 p - a ring of flight (right claw)
Wands
 c - a wand of polymorph (12)
 k - a wand of charming (8)
 m - a wand of digging (6)
Potions
 e - a potion of magic {unknown}
 f - a potion of lignification
 g - a potion of mutation {unknown}
 i - a potion of invisibility
 r - a potion of cancellation {unknown}
 s - 2 potions of brilliance {unknown}
 t - 3 potions of curing {unknown}


   Skills:
 + Level 4.7 Fighting
 - Level 2.4 Dodging
 + Level 5.3 Shields
 * Level 7.3 Unarmed Combat


You had 7 spell levels left.
You didn't know any spells.
Your spell library contained the following spells:

 Spells                   Type           Power      Damage    Failure   Level
 Apportation              Tloc           0%         N/A       73%         1
 Beastly Appendage        Tmut           0%         N/A       73%         1
 Wereblood                Tmut           0%         N/A       86%         2
 Spider Form              Tmut/Pois      0%         N/A       97%         3
 Alistair's Intoxication  Tmut/Pois      0%         N/A       100%        5


Dungeon Overview and Level Annotations

Branches:
Dungeon (6/15)             Temple (1/1) D:4

Altars:
Ashenzari
Cheibriados
Elyvilon
Fedhas
Gozag
Hepliaklqana
Makhleb
Nemelex Xobeh
Okawaru
Ru
Sif Muna
Trog
Wu Jian
Xom
Zin
The Shining One

Shops:
D:5 :


Innate Abilities, Weirdness & Mutations

You are too large for most types of armour.
You have claws for hands.
Your natural rate of healing is unusually fast.
You are covered in fur. (AC +1)
You have tough skin. (AC +1)


Message History

You see here 18 gold pieces.
Aiming: Wall Jump
Press: ? - help, Dir - move target You repeatedly attack the hound from above.
You closely miss the hound.
The hound is heavily wounded.
You mangle the hound!!
You kill the hound!
The Council accepts your kill.
You repeatedly attack the gnoll from above.
You claw the gnoll!
The gnoll is severely wounded.
You barely miss the gnoll.
The gnoll is severely wounded.
The gnoll hits you from afar with a +2 vorpal spear.
The gnoll hits you but does no damage. You block the gnoll's attack.
You spin and attack the gnoll bouda.
You barely miss the gnoll bouda.
The gnoll bouda is moderately wounded.
The gnoll hits you with a +0 halberd! The gnoll bouda barely misses you.
The gnoll hits you with a +2 vorpal spear.
You see here a hound corpse.
You spin and attack the gnoll.
You barely miss the gnoll.
The gnoll is severely wounded.
The orc wizard hits you but does no damage.
The gnoll hits you from afar with a +2 vorpal spear!
* * * LOW HITPOINT WARNING * * *
x2 You see here 18 gold pieces.
You spin and attack the gnoll bouda.
You claw the gnoll bouda!
The gnoll bouda is severely wounded.
You spin and attack the gnoll.
You closely miss the gnoll. The gnoll hits you with a +0 whip.
* * * LOW HITPOINT WARNING * * *
The gnoll hits you from afar with a +0 halberd.
* * * LOW HITPOINT WARNING * * *
The gnoll bouda hits you with a +0 whip!
* * * LOW HITPOINT WARNING * * *
The gnoll barely misses you.
You fade into invisibility!
The gnoll hits you with a +0 whip.
You die...

######.# ......
#....#.# .....##
#....#.# .......
#....#.####......#
#....#...........#
#####....#....)......#
#...'....'....g......#
#.###....##..ggo.....#
#.# #....##..@og.....#
#.# #....########.....
#.# ##......... ....
####.# #......... ...
..##.# #.........
...#.# #.........
...#.# #.........
...#.# ######.###
####.# .#


You could see a gnoll bouda (unable to see you), an orc wizard (unable to see
you), 3 gnolls and an orc (unable to see you).

Vanquished Creatures
  An ice beast (D:5)
  3 ogres (D:5)
  3 phantoms
  3 scorpions
  2 orc priests
  3 hounds
  A jelly (D:5)
  2 iguanas
  Natasha (twice) (D:3)
  An orc wizard (D:3)
  6 adders
  A white imp (D:5)
  An ufetubus (D:4)
  A worm (D:4)
  2 dart slugs
  18 orcs
  10 ball pythons
  9 endoplasms
  8 giant cockroaches
  11 goblins
  8 hobgoblins
  5 jackals (D:4)
  3 quokkas
  6 bats
  6 frilled lizards
  14 kobolds
  2 rats
132 creatures vanquished.

Vanquished Creatures (others)
  A wizard (D:4)
  A plant (D:4)
2 creatures vanquished.

Grand Total: 134 creatures vanquished

Notes
Turn   | Place    | Note
-------+----------+-------------------------------------------
     0 | D:1      | Calibrex the Troll Fighter began the quest for the Orb.
     0 | D:1      | Reached XP level 1. HP: 22/22 MP: 0/0
    95 | D:1      | Found a faded altar of an unknown god.
   157 | D:1      | Reached XP level 2. HP: 29/29 MP: 1/1
   310 | D:1      | Reached XP level 3. HP: 36/36 MP: 2/2
   572 | D:2      | Found an opulent altar of Gozag.
   581 | D:2      | Reached skill level 3 in Unarmed Combat
  1140 | D:4      | Found a bloodstained altar of Trog.
  1146 | D:4      | Noticed a wizard
  1148 | D:4      | Killed a wizard
  1156 | D:4      | Reached XP level 4. HP: 34/44 MP: 3/3
  1185 | D:4      | Found a hazy altar of Hepliaklqana.
  1295 | D:4      | Found a staircase to the Ecumenical Temple.
  1302 | Temple   | Entered the Ecumenical Temple
  1541 | Temple   | Became a worshipper of the Wu Jian Council
  1629 | D:3      | Found a glowing golden altar of the Shining One.
  1649 | D:3      | Reached XP level 5. HP: 22/53 MP: 4/4
  1698 | D:3      | Reached skill level 4 in Unarmed Combat
  1725 | D:3      | Noticed Natasha
  1731 | D:3      | Killed Natasha
  1755 | D:3      | Reached * piety under Wu Jian
  1880 | D:3      | Noticed Natasha
  1889 | D:3      | Killed Natasha
  1890 | D:3      | Reached XP level 6. HP: 54/61 MP: 5/5
  2313 | D:4      | Reached skill level 5 in Unarmed Combat
  2365 | D:4      | Identified the +3 trident "Afidob" {drain, rElec rF+ rC+
                  | MP+9}
  2552 | D:4      | Reached ** piety under Wu Jian
  2765 | D:5      | Entered Level 5 of the Dungeon
  2970 | D:5      | Reached XP level 7. HP: 63/68 MP: 6/6
  3328 | D:5      | Reached skill level 6 in Unarmed Combat
  3347 | D:5      | Found Cotweas's Vocational Training.
  3415 | D:5      | Reached skill level 5 in Shields
  3419 | D:5      | Reached XP level 8. HP: 79/79 MP: 7/7
  3434 | D:5      | Reached skill level 7 in Unarmed Combat
  3909 | D:6      | HP: 2/79 [gnoll bouda/+0 whip (7)]
  3910 | D:6      | Slain by a gnoll

Illustrated notes

Levels and vault maps discovered:
D:1:      minmay_arrival_jagged, layout_basic,
          shapermc_ecumenical_altar_pompeii, minmay_crystal_room,
          minmay_split_cup_small
D:2:      layout_basic, basic_altar
D:3:      layout_rooms, lemuel_crystal_altar, kennysheep_generic_room_7,
          uniq_natasha
D:4:      minmay_razor_zed, layout_basic, trog_wizard, lemuel_round_altar,
          minmay_temple_entry_gardened_gates
D:5:      minmay_octagon_keep, layout_loops_corners, nicolae_shop_vocational
D:6:      layout_basic, nicolae_gozag_zags_fifth_avenue,
          nicolae_vehumet_radiance
Temple:   minmay_temple_bridge_abc

Skill      XL: |  1  2  3  4  5  6  7  8 |
---------------+-------------------------+-----
Shields        | 3 4 5 |  5.3
Unarmed Combat | 3 4 5 6 7 |  7.3
Fighting       | 3 4 |  4.7
Dodging        | |  2.4

Action                   |  1- 3 |  4- 6 |  7- 9 || total
-------------------------+-------+-------+-------++-------
Melee: Unarmed           |   133 |   193 |    69 ||   395
Throw: Boomerang         |       |     4 |       ||     4
       Dart              |       |       |     5 ||     5
Invok: Whirlwind         |       |    43 |    13 ||    56
       Lunge             |       |    13 |     7 ||    20
 Abil: Wall Jump         |       |       |     1 ||     1
  Use: Scroll            |     2 |     2 |     5 ||     9
       Potion            |       |     1 |     1 ||     2
 Stab: Sleeping          |     1 |     1 |       ||     2
Armor: Robe              |    44 |    52 |     8 ||   104
Dodge: Dodged            |    49 |    76 |    14 ||   139
Block: Kite shield       |    60 |    71 |    24 ||   155
